 Dungeon Crawl Stone Soup version 0.31-a0-640-g39d97e502b (webtiles) character file.

Game seed: 16603123072391994874

121454 rvierbuc the Warrior (level 16, 0/183 HPs)
             Began as a Demonspawn Berserker on Aug 27, 2023.
             Was a Follower of Jiyva.
             Slain by a merfolk
             ... wielding a +0 trident
              (8 damage)
             ... on level 2 of the Shoals on Aug 28, 2023.
             The game lasted 01:49:50 (22189 turns).

rvierbuc the Warrior (Demonspawn Berserker)        Turns: 22189, Time: 01:49:51

Health: 0/183      AC: 33    Str: 26    XL:     16   Next: 32%
Magic:  16/16      EV: 20    Int: 10    God:    Jiyva [*.....]
Gold:   2041       SH:  0    Dex: 21    Spells: 15/15 levels left

rFire   . . .        K - +6 demon whip (heavy)
rCold   + . .        (no shield)
rNeg    + . .        P - +4 scale mail of Viclo {+Inv rN+}
rPois   .            p - +2 hood of the Assassin {Detect Stab+ Stlth++}
rElec   .            (cloak unavailable)
rCorr   .            M - +1 pair of gloves
SInv    .            c - +0 pair of boots
Will    +....        C - amulet "Keskam" {Regen+ Dex+4} Stlth
                     s - +6 ring of strength
HPRegen 2.10/turn    v - +4 ring of protection
MPRegen 0.40/turn

%: clarity
@: berserking, spiked, sanguine armoured, slowed, studying Stealth
A: powered by death 2, sanguine armour 2, condensation shield, weakness stinger
3, claws 1, horns 2, agile 1, clarity, cold resistance 1, frail 1, weak 1
a: Renounce Religion, Evoke Invisibility


You were on level 2 of the Shoals.
You worshipped Jiyva.
Jiyva was aware of your devotion.
You visited 4 branches of the dungeon, and saw 24 of its levels.
You visited 1 bazaar.
You also visited: Volcano.

You collected 2305 gold pieces.
You spent 264 gold pieces at shops.

Inventory:

Hand Weapons
 a - a +3 arbalest of flaming
 g - a +2 dire flail
 j - a +5 great mace
 z - a +2 shortbow of flaming
 A - a +4 great mace of flaming
 K - a +6 heavy demon whip (weapon)
 R - a +2 heavy great mace
 Z - a +2 battleaxe of flaming
Missiles
 d - 9 atropa-tipped darts (quivered)
 J - a throwing net
 L - a curare-tipped dart
Armour
 c - a +0 pair of boots (worn)
 p - the +2 hood of the Assassin (worn) {Detect Stab+ Stlth++}
   (You found it on level 3 of the Lair of Beasts)

   Detect:    It allows the wearer to sense nearby creatures.
   Stab+:     It allows the wearer to make particularly effective stabbing
   attacks against helpless or unaware enemies with any weapon.
   Stlth++:   It makes you much more stealthy.
 H - a +2 hat of willpower
 M - a +1 pair of gloves (worn)
 P - the +4 scale mail of Viclo (worn) {+Inv rN+}
   (You found it on level 8 of the Dungeon)

   rN+:       It protects you from negative energy.
   +Inv:      It lets you turn invisible.
 S - +0 acid dragon scales
 W - a +4 chain mail of fire resistance
 Y - a +1 plate armour of fire resistance
Jewellery
 i - a ring of ice
 l - a ring of see invisible
 s - a +6 ring of strength (left hand)
 t - an amulet of guardian spirit
 v - a +4 ring of protection (right hand)
 x - the ring of Deycvupo {rC+ Str+2 Int+6}
   (You took it off a spriggan on level 5 of the Lair of Beasts)

   [ring of intelligence]

   Str+2:     It affects your strength (+2).
   Int+6:     It affects your intelligence (+6).
   rC+:       It protects you from cold.
 C - the amulet "Keskam" (around neck) {Regen+ Dex+4}
   (You found it on level 6 of the Dungeon)

   [amulet of regeneration]

   Dex+4:     It affects your dexterity (+4).
   Regen+:    It increases your rate of health regeneration.
 E - a ring of resist corrosion
 T - an amulet of magic regeneration
 X - a ring of protection from cold
Wands
 b - a wand of iceblast (7)
 k - a wand of paralysis (7)
 o - a wand of polymorph (8)
 G - a wand of digging (4)
 Q - a wand of flame (36)
Scrolls
 e - 2 scrolls of enchant armour
 f - 5 scrolls of blinking
 h - 9 scrolls of teleportation
 m - 2 scrolls of butterflies
 q - 7 scrolls of poison
 u - 3 scrolls of fear
 w - a scroll of revelation
 y - a scroll of silence
 B - 2 scrolls of fog
 D - a scroll of immolation
 N - a scroll of identify
 U - 2 scrolls of enchant weapon
Potions
 n - 6 potions of haste
 r - 8 potions of curing
 F - 6 potions of invisibility
 I - a potion of berserk rage
 O - 4 potions of cancellation
 V - 5 potions of might


   Skills:
 + Level 15.5 Fighting
 - Level 14.0 Maces & Flails
 + Level 14.1 Armour
 + Level 14.1 Dodging


You had 15 spell levels left.
You didn't know any spells.
Your spell library was empty.

Dungeon Overview and Level Annotations

Branches:
Dungeon (15/15)            Temple (0/1) D:5            Lair (5/5) D:10
 Shoals (2/4) Lair:3       Spider (0/4) Lair:3        Slime (0/5) Lair:4
    Orc (2/2) D:12            Elf (0/3) Orc:2        Vaults (0/5) D:14
 Depths (0/4) D:15        Volcano (visited)

Altars:
Cheibriados
Kikubaaqudgha
Trog
Vehumet
Wu Jian
Jiyva
Lugonu

Shops:
D:2 =   D:11 (   D:14 !   Orc:1 (   Orc:2 !:=:

Portals:
Abyss: Lair:5

Annotations:
D:9 2 transporters


Innate Abilities, Weirdness & Mutations

You regenerate health from kills.
When seriously injured, your blood forms thick armour. (AC +9)
A meltable shield of frost defends you. (SH +0)
You have a sharp stinger which inflicts weakening toxins.
You have sharp fingernails.
You have a pair of horns on your head.
You are agile. (Dex +4, Str/Int -1)
You possess an exceptional clarity of mind.
Your flesh is cold resistant. (rC+)
You are frail. (-10% HP)
You are weak. (Str -2)


Message History

The merfolk hits you from afar with a +0 trident.
* * * LOW HITPOINT WARNING * * *
The barbed spikes dig painfully into your body as you move.
* * * LOW HITPOINT WARNING * * *
The manticore bites you but does no damage.
The manticore claws you but does no damage.
The manticore completely misses you.
The merfolk siren hits you from afar with a +0 spear.
* * * LOW HITPOINT WARNING * * *
The merfolk hits you from afar with a +0 trident!
* * * LOW HITPOINT WARNING * * *
The merfolk hits you but does no damage.
The manticore bites you.
* * * LOW HITPOINT WARNING * * *
The manticore closely misses you.
The manticore claws you but does no damage.
The merfolk siren chants a haunting song.
You are unaffected.
The merfolk closely misses you.
The merfolk hits you but does no damage.
A red film seems to cover your vision as you go berserk!
You feel yourself moving faster!
You feel mighty!
A centaur warrior comes into view.
The merfolk siren hits you but does no damage.
The manticore bites you!
* * * LOW HITPOINT WARNING * * *
The manticore misses you.
The manticore claws you but does no damage.
The merfolk hits you with a +0 trident!
* * * LOW HITPOINT WARNING * * *
The merfolk misses you.
The centaur warrior shouts!
You thrash the merfolk!! You headbutt the merfolk!
The merfolk is severely wounded.
The manticore completely misses you.
The manticore claws you but does no damage.
The manticore completely misses you.
The merfolk siren hits you but does no damage.
The merfolk hits you but does no damage.
The merfolk hits you with a +0 trident!
You die...

~.....~~~~~~~~~~≈≈≈≈
.....~~~~~~...~~≈≈≈≈
.###.≈≈≈~~~~...~~≈≈≈
#.~≈≈~.......~~≈≈
##.≈≈≈.).....~~≈≈
##.~~<)###.~~~~≈≈≈ .
#).~~~..##..~~≈~~.
....##..~~~.)....~~~~..
..~~....@m.#.....~~~~..#
~~~~~.m..Hm##.....~~~.>#
~~.~~....##.......~.~.##
.~~...#####..c......~<#
.~~~.> #.~...~...~..#
..~~~. .~~.~~~~~.....
.~~~~~ .~...~~~~~~~.#
~~~ ~


You could see 2 merfolk, a centaur warrior, a manticore and a merfolk siren.

Vanquished Creatures
  Rupert (Lair:5)
  A tentacled monstrosity (D:15)
  Roxanne (D:14)
  An orc warlord (Orc:2)
  A cacodemon (D:15)
  The ghost of bjtr the Geomancer, a journeyman GrEE of Vehumet (D:15)
  Azrael (D:14)
  2 ettins
  An entropy weaver (shapeshifter) (D:15)
  A merfolk impaler (Shoals:1)
  A vault guard (D:14)
  5 hydras
  A great orb of eyes (shapeshifter) (D:15)
  A catoblepas (Lair:3)
  A rakshasa (D:13)
  Erica (D:11)
  A merfolk aquamancer (Shoals:2)
  An ironbound frostheart (D:14)
  4 centaur warriors
  2 boulder beetles
  3 two-headed ogres
  2 tengu warriors
  4 death yaks (Lair:4)
  6 orc high priests (Orc:2)
  2 skysharks (Lair:5)
  3 thrashing horrors (Lair:5)
  A skeletal warrior (D:12)
  A deep troll (D:15)
  A glowing orange brain (D:15)
  4 sea snakes
  2 large abominations (Lair:5)
  A wizard (D:15)
  9 harpies (Shoals:1)
  2 necromancers (D:15)
  A harpy (shapeshifter) (D:15)
  6 orc knights
  5 deep elf pyromancers
  2 salamanders (Volcano)
  4 fauns
  An orc sorcerer (Orc:2)
  An oklob plant (Lair:5)
  3 manticores
  A faun (shapeshifter) (D:15)
  26 ugly things
  5 cyclopes
  7 elephants
  3 salamanders (shapeshifter)
  2 black mambas
  2 merfolk sirens (Shoals:1)
  10 centaur zombies (D:11)
  2 water nymphs
  6 cane toads
  2 torpor snails
  Psyche (D:7)
  An unseen horror (D:12)
  An unseen horror (shapeshifter) (D:15)
  An efreet (D:13)
  A kobold demonologist (D:11)
  A rime drake (Lair:3)
  A yaktaur (shapeshifter) (D:15)
  3 komodo dragons
  7 merfolk
  5 trolls
  4 polar bears
  Grinder (D:3)
  17 blink frogs
  4 raiju (Lair:5)
  4 snapping turtles
  2 meliai zombies (D:11)
  16 dream sheep
  Sigmund (D:2)
  11 shadows
  18 slime creatures
  3 wyverns
  13 wraiths
  2 spriggans (Lair:5)
  7 water elementals
  29 yaks
  5 vampires (D:11)
  4 ynoxinuls (Lair:5)
  2 culicivoras (Lair:3)
  3 humans (D:14)
  A fire bat (Volcano)
  7 basilisks
  A fire elemental (D:14)
  A chaos spawn (Lair:5)
  4 redbacks (Lair:3)
  A neqoxec (D:15)
  Menkaure (D:7)
  9 vampire mosquitoes
  9 wargs
  4 acid dragons
  7 hell hounds
  12 water moccasins
  5 ice beasts
  27 orc warriors
  A sky beast (D:7)
  12 wolves
  A black bear (D:8)
  10 ogres
  15 centaurs
  A phantom (D:7)
  A kobold brigand (D:8)
  10 bullfrogs
  A bullfrog (shapeshifter) (D:15)
  9 scorpions
  2 gnoll sergeants
  8 wights
  12 small abominations (Lair:5)
  5 killer bees
  3 vampire bats (D:9)
  2 electric eels
  6 howler monkeys
  42 orc priests
  8 jellies
  5 hounds
  Crazy Yiuf (D:3)
  A gnoll bouda (Orc:1)
  6 hell rats (Lair:5)
  Terence (D:3)
  An iguana (D:5)
  A sleepcap (D:2)
  17 orc wizards
  A howler monkey zombie (D:11)
  12 gnolls
  6 adders
  A shadow imp (D:6)
  2 white imps
  4 worms
  5 dart slugs
  99 orcs
  An orc (shapeshifter) (D:15)
  7 ball pythons
  4 bats
  2 bat skeletons (D:9)
  3 bat zombies (D:9)
  11 endoplasms
  2 giant cockroaches
  12 goblins
  10 hobgoblins
  4 jackals (D:2)
  18 kobolds
  2 quokkas
  A bat (shapeshifter) (D:15)
  A frilled lizard (D:1)
  3 rats
  A butterfly (Lair:1)
810 creatures vanquished.

Vanquished Creatures (collateral kills)
  2 kobold demonologists (D:11)
  A kobold (D:11)
3 creatures vanquished.

Vanquished Creatures (others)
  3 jellies (Shoals:1)
3 creatures vanquished.

Grand Total: 816 creatures vanquished

Notes
Turn   | Place    | Note
-------+----------+-------------------------------------------
     0 | D:1      | rvierbuc the Demonspawn Berserker began the quest for the
                  | Orb.
     0 | D:1      | Reached XP level 1. HP: 18/18 MP: 1/1
    86 | D:1      | Gained mutation: You have a small tail. [demonic ancestry]
    86 | D:1      | Reached XP level 2. HP: 8/24 MP: 2/2
   215 | D:1      | Found a faded altar of an unknown god.
   439 | D:1      | Reached ** piety under Trog
   498 | D:1      | Gained mutation: You have a tail ending in a sharp stinger.
                  | [demonic ancestry]
   498 | D:1      | Reached XP level 3. HP: 12/29 MP: 3/3
   980 | D:2      | Found Orrarhe's Jewellery Emporium.
   989 | D:2      | Gained mutation: You regenerate a little health from kills.
                  | [demonic ancestry]
   989 | D:2      | Reached XP level 4. HP: 17/36 MP: 4/4
  1092 | D:2      | Noticed Sigmund
  1100 | D:2      | Killed Sigmund
  1101 | D:2      | Reached skill level 4 in Fighting
  1101 | D:2      | Reached XP level 5. HP: 42/42 MP: 5/5
  1410 | D:3      | Noticed Terence
  1415 | D:3      | Killed Terence
  1416 | D:3      | Reached XP level 6. HP: 48/48 MP: 6/6
  1661 | D:3      | Noticed Grinder
  1667 | D:3      | Paralysed by Grinder for 4 turns
  1678 | D:3      | Killed Grinder
  2092 | D:3      | Found a runed translucent door.
  2093 | D:3      | Noticed Crazy Yiuf
  2209 | D:3      | Killed Crazy Yiuf
  2210 | D:3      | Gained mutation: You regenerate health from kills. [demonic
                  | ancestry]
  2210 | D:3      | Reached XP level 7. HP: 55/55 MP: 7/7
  2954 | D:5      | Entered Level 5 of the Dungeon
  3027 | D:5      | Reached skill level 5 in Fighting
  3133 | D:5      | Found a staircase to the Ecumenical Temple.
  3654 | D:5      | Found a runed translucent door.
  3659 | D:5      | Found a runed translucent door.
  4111 | D:5      | Gained mutation: You passively map a small area around you.
                  | [potion of mutation]
  4111 | D:5      | Gained mutation: You have a pair of small antennae on your
                  | head. [potion of mutation]
  4111 | D:5      | Gained mutation: You are strong-willed. (Will+) [potion of
                  | mutation]
  4111 | D:5      | Gained mutation: You have hidden genetic potential. [potion
                  | of mutation]
  4130 | D:5      | Reached skill level 5 in Maces & Flails
  4130 | D:5      | Reached XP level 8. HP: 63/63 MP: 8/8
  4427 | D:6      | Found a snail-covered altar of Cheibriados.
  4491 | D:6      | Reached skill level 5 in Dodging
  4496 | D:6      | Reached skill level 6 in Fighting
  4496 | D:6      | Reached skill level 5 in Armour
  4503 | D:6      | Gained mutation: You have great hidden genetic potential.
                  | [hidden potential]
  4625 | D:6      | Identified the amulet "Keskam" {Regen+ Dex+4}
  5066 | D:7      | Noticed Menkaure
  5077 | D:7      | Killed Menkaure
  5078 | D:7      | Reached XP level 9. HP: 55/71 MP: 9/9
  5219 | D:7      | Reached skill level 7 in Fighting
  5231 | D:7      | Gained mutation: Your system is resistant to poisons.
                  | (rPois) [hidden potential]
  5231 | D:7      | Lost mutation: You have great hidden genetic potential.
                  | [hidden potential expressed]
  5357 | D:7      | Reached *** piety under Trog
  5635 | D:8      | Noticed Psyche
  5662 | D:7      | Killed Psyche
  6125 | D:8      | Identified the +4 scale mail of Viclo {+Inv rN+}
  6269 | D:8      | Found a bloodstained altar of Trog.
  6337 | D:9      | Reached XP level 10. HP: 80/80 MP: 10/10
  6396 | D:9      | Found a transporter.
  6490 | D:9      | Found a transporter.
  6614 | D:9      | Reached skill level 8 in Fighting
  6913 | D:9      | Found an ancient bone altar of Kikubaaqudgha.
  6915 | D:9      | Reached **** piety under Trog
  6926 | D:9      | Gained mutation: Your flesh is cold resistant. (rC+)
                  | [hidden potential]
  7095 | D:9      | Found an ornate altar of the Wu Jian Council.
  7104 | D:9      | Found a radiant altar of Vehumet.
  7106 | D:9      | Found a bloodstained altar of Trog.
  7178 | D:10     | Entered Level 10 of the Dungeon
  7545 | D:10     | Found a staircase to the Lair.
  8107 | D:11     | Noticed a sixfirhy
  8109 | D:11     | Noticed a smoke demon
  8122 | D:11     | HP: 4/82 [ice devil[a kobold demonologist] (9)]
  8123 | D:11     | HP: 1/82 [hellwing[a kobold demonologist] (5)]
  8214 | D:11     | Reached skill level 9 in Fighting
  8250 | D:11     | Gained mutation: When seriously injured, your blood forms
                  | armour. (AC +9) [demonic ancestry]
  8250 | D:11     | Reached XP level 11. HP: 89/89 MP: 11/11
  8337 | D:11     | Gained mutation: You possess an exceptional clarity of
                  | mind. [hidden potential]
  8337 | D:11     | Lost mutation: You have hidden genetic potential. [hidden
                  | potential expressed]
  8486 | D:11     | Found Goamed's Weapon Boutique.
  8486 | D:11     | Noticed a +0 giant spiked club
  8488 | D:11     | Noticed a +0 demon whip
  8588 | D:11     | Reached skill level 10 in Fighting
  8727 | D:11     | Reached ***** piety under Trog
  8936 | D:11     | Noticed Erica
  8946 | D:11     | Killed Erica
  8952 | D:11     | Gained mutation: You have a sharp stinger which inflicts
                  | weakening toxins. [demonic ancestry]
  8952 | D:11     | Reached XP level 12. HP: 73/98 MP: 12/12
  9593 | Lair:1   | Entered Level 1 of the Lair of Beasts
 10564 | Lair:2   | Noticed a four-headed hydra
 10572 | Lair:2   | Killed a four-headed hydra
 10573 | Lair:2   | Reached skill level 10 in Maces & Flails
 11068 | Lair:2   | Reached skill level 11 in Fighting
 11092 | Lair:2   | Received a gift from Trog
 11270 | Lair:3   | Reached skill level 10 in Dodging
 11272 | Lair:3   | Reached skill level 10 in Armour
 11333 | Lair:3   | Found a dark tunnel.
 11375 | Volcano  | Entered a volcano
 11426 | Volcano  | Noticed a two-headed ogre
 11431 | Volcano  | Killed a two-headed ogre
 11976 | Lair:3   | Found the +2 hood of the Assassin {Detect Stab+ Stlth++}
 11977 | Lair:3   | Noticed a catoblepas
 11990 | Lair:3   | Killed a catoblepas
 11991 | Lair:3   | Gained mutation: When seriously injured, your blood forms
                  | thick armour. (AC +9) [demonic ancestry]
 11991 | Lair:3   | Reached XP level 13. HP: 107/107 MP: 13/13
 12108 | Lair:3   | Found a staircase to the Shoals.
 12281 | Lair:3   | Found a hole to the Spider Nest.
 12810 | Lair:4   | Identified the +9 quarterstaff of rvierbuc's Woe {holy,
                  | Dex+8 Stlth+}
 12876 | Lair:4   | Reached skill level 12 in Fighting
 12959 | Lair:4   | Found a staircase to the Slime Pits.
 12964 | Lair:4   | Found a viscous altar of Jiyva.
 13587 | Lair:5   | Entered Level 5 of the Lair of Beasts
 13972 | Lair:5   | Lost mutation: You have a pair of small antennae on your
                  | head. [potion of mutation]
 13972 | Lair:5   | Lost mutation: You are strong-willed. (Will+) [potion of
                  | mutation]
 13972 | Lair:5   | Lost mutation: You passively map a small area around you.
                  | [potion of mutation]
 13972 | Lair:5   | Gained mutation: Your movements are slightly less
                  | encumbered by armour. (ER -2) [potion of mutation]
 13972 | Lair:5   | Gained mutation: You have sharp fingernails. [potion of
                  | mutation]
 13972 | Lair:5   | Gained mutation: You have a pair of small horns on your
                  | head. [potion of mutation]
 14234 | Lair:5   | Noticed Rupert
 14254 | Lair:5   | Killed Rupert
 14360 | Lair:5   | Reached XP level 14. HP: 86/116 MP: 14/14
 14368 | Lair:5   | Received a gift from Trog
 14519 | Lair:5   | Identified the ring of Deycvupo {rC+ Str+2 Int+6}
 14546 | Lair:5   | Reached skill level 13 in Fighting
 14650 | Lair:5   | Found a corrupted altar of Lugonu.
 14650 | Lair:5   | Found a one-way gate to the infinite horrors of the Abyss.
 15703 | D:12     | Found a staircase to the Orcish Mines.
 15998 | D:13     | Received a gift from Trog
 16029 | Orc:1    | Entered Level 1 of the Orcish Mines
 16187 | Orc:1    | Found Bedietuiwn's Weapon Boutique.
 16254 | Orc:2    | Entered Level 2 of the Orcish Mines
 16514 | Orc:2    | Received a gift from Trog
 16526 | Orc:2    | Found Ophowk's Jewellery Emporium.
 16562 | Orc:2    | Found Ravaixt's Book Shop.
 16630 | Orc:2    | Found a staircase to the Elven Halls.
 16792 | Orc:2    | Noticed an orc warlord
 16820 | Orc:2    | Killed an orc warlord
 16869 | Orc:2    | Found Venoeh's Distillery.
 16912 | Orc:2    | Found Ceppem's Book Shop.
 16926 | Orc:2    | Reached ****** piety under Trog
 16966 | Orc:2    | Found a flickering gateway to a bazaar.
 17330 | Bazaar   | Entered a bazaar
 17330 | Bazaar   | Found Sosmosm's Assorted Antiques.
 17330 | Bazaar   | Found Cyosoac's Magic Scroll Emporium.
 17330 | Bazaar   | Found Rostriga's Book Shoppe.
 17358 | Bazaar   | Bought a crystal great sword for 264 gold pieces
 17358 | Bazaar   | Identified the +2 great sword of the Living Dead {protect,
                  | *Corrode rElec rF+ Str+3} (You bought it in a shop in a
                  | bazaar)
 17573 | Orc:1    | Received a gift from Trog
 18326 | D:13     | Reached XP level 15. HP: 125/125 MP: 15/15
 18352 | D:13     | Reached skill level 14 in Fighting
 19243 | D:14     | Identified the +1 quarterstaff of Dissent {pain, Fragile
                  | Str+4 Dex+5}
 19289 | D:14     | Found Sonuodgh's Distillery.
 19344 | D:14     | Noticed Azrael
 19368 | D:14     | Killed Azrael
 19434 | D:14     | Found a gate to the Vaults.
 19467 | D:14     | Noticed Roxanne
 19743 | D:14     | Killed Roxanne
 19785 | D:15     | Entered Level 15 of the Dungeon
 20083 | D:15     | Found a runed translucent gate.
 20083 | D:15     | Found a runed translucent gate.
 20114 | D:15     | Found a staircase to the Depths.
 20117 | D:15     | Received a gift from Trog
 20346 | D:15     | Found a runed translucent gate.
 20403 | D:15     | Found a radiant altar of Vehumet.
 20764 | D:15     | Found a runed translucent gate.
 20764 | D:15     | Found a runed translucent gate.
 20771 | D:15     | Noticed bjtr's ghost (journeyman GrEE)
 20771 | D:15     | Noticed a tentacled monstrosity
 20773 | D:15     | Found a runed translucent gate.
 20791 | D:15     | Gained mutation: You are occasionally teleported next to
                  | monsters. [a neqoxec]
 20804 | D:15     | Killed a tentacled monstrosity
 20805 | D:15     | Reached skill level 15 in Fighting
 20819 | D:15     | Killed bjtr's ghost
 20820 | D:15     | Gained mutation: A meltable shield of frost defends you.
                  | (SH +0) [demonic ancestry]
 20820 | D:15     | Reached XP level 16. HP: 136/136 MP: 16/16
 20890 | D:15     | Gained mutation: You are clumsy. (Dex -2) [mutagenic glow]
 20898 | D:15     | Gained mutation: You have hidden genetic defects.
                  | [mutagenic glow]
 20908 | D:15     | Gained mutation: Your magical capacity is low. (-10% MP)
                  | [mutagenic glow]
 20923 | D:15     | Lost mutation: You are occasionally teleported next to
                  | monsters. [mutagenic glow]
 20957 | D:15     | Gained mutation: You are dopey. (Int -2) [mutagenic glow]
 20997 | D:15     | Lost mutation: Your system is resistant to poisons. (rPois)
                  | [potion of mutation]
 20997 | D:15     | Lost mutation: Your magical capacity is low. (-10% MP)
                  | [potion of mutation]
 20997 | D:15     | Lost mutation: You have hidden genetic defects. [potion of
                  | mutation]
 20997 | D:15     | Gained mutation: You are somewhat resistant to further
                  | mutation. [potion of mutation]
 20997 | D:15     | Gained mutation: Your skin changes colour to match your
                  | surroundings (Stealth+). [potion of mutation]
 20998 | D:15     | Lost mutation: You have a pair of small horns on your head.
                  | [potion of mutation]
 20998 | D:15     | Lost mutation: You are clumsy. (Dex -2) [potion of
                  | mutation]
 20998 | D:15     | Lost mutation: Your skin changes colour to match your
                  | surroundings (Stealth+). [potion of mutation]
 20998 | D:15     | Gained mutation: You expend magic power (3 MP) to
                  | strengthen your wands. [potion of mutation]
 20998 | D:15     | Gained mutation: You have a pair of small horns on your
                  | head. [potion of mutation]
 20999 | D:15     | Lost mutation: You are somewhat resistant to further
                  | mutation. [potion of mutation]
 20999 | D:15     | Lost mutation: You expend magic power (3 MP) to strengthen
                  | your wands. [potion of mutation]
 20999 | D:15     | Gained mutation: You are weak. (Str -2) [potion of
                  | mutation]
 20999 | D:15     | Gained mutation: You are agile. (Dex +4, Str/Int -1)
                  | [potion of mutation]
 21000 | D:15     | Lost mutation: Your movements are slightly less encumbered
                  | by armour. (ER -2) [potion of mutation]
 21000 | D:15     | Lost mutation: You are dopey. (Int -2) [potion of mutation]
 21000 | D:15     | Gained mutation: You have a pair of horns on your head.
                  | [potion of mutation]
 21000 | D:15     | Gained mutation: You are frail. (-10% HP) [potion of
                  | mutation]
 21315 | Lair:4   | Fell from the grace of Trog
 21315 | Lair:4   | Became a worshipper of Jiyva Jyaps the Shapeless
 21362 | Shoals:1 | Entered Level 1 of the Shoals
 21871 | Shoals:1 | Reached * piety under Jiyva
 22188 | Shoals:2 | HP: 6/183 [merfolk/+0 trident (8)]
 22189 | Shoals:2 | Slain by a merfolk

Illustrated notes

Levels and vault maps discovered:
D:1:      dpeg_arrival_rooms_b, layout_basic, basic_ecumenical_altar
D:2:      layout_rooms, serial_shops, nicolae_shop_stone,
          hangedman_decor_growths, uniq_sigmund
D:3:      layout_loops_ring, uniq_grinder, uniq_terence, uniq_crazy_yiuf_cottage
D:4:      layout_loops_ring
D:5:      lemuel_insect_pit, layout_gridville, minmay_temple_entry_mist,
          grunt_decor_fettered, minmay_stone_trees_small
D:6:      layout_basic, kennysheep_mini, minmay_checkerbox
D:7:      layout_basic, uniq_menkaure
D:8:      layout_loops_ring, david_defended_altar_orc, uniq_psyche
D:9:      layout_loops_corners, kennysheep_vampire_church, minitemple,
          nicolae_diode_stairs
D:10:     layout_basic
D:11:     layout_basic, serial_undead, serial_undead_d, serial_undead_d,
          serial_undead_b, serial_undead_e, serial_undead_a, serial_undead_c,
          serial_undead_f, serial_undead_a, serial_undead_a, serial_undead_e,
          serial_shops, nicolae_shop_mannequins, uniq_erica
D:12:     layout_loops_ring, orc_0_dummy, serial_glass, glass_columns_a,
          glass_columns_b, minmay_increasing_density
D:13:     layout_irregular_city, kennysheep_generic_room_8
D:14:     layout_rooms, hellmonk_vaults_keyhole, serial_shops, shop,
          nicolae_sextant, tso_oasis_becter, uniq_roxanne, uniq_azrael
D:15:     hangedman_depths_entry_civil_slaughter, layout_irregular_city,
          ploomutoo_gammafunk_ghost_potion_laboratory, nicolae_vehumet_radiance,
          nicolae_underground_beach
Lair:1:   layout_cave_pods, lemuel_fruit_fields
Lair:2:   layout_gridlike, chequers_serial_rivers_marsh, beast_lair_carwin_9,
          lemuel_fruit_tree
Lair:3:   layout_misc_corridors, minmay_shoals_entry_hut,
          nicolae_spider_entry_tight_spaces, nicolae_volcano_entry_lava_flow
Lair:4:   layout_loops_ring, nicolae_slime_entry_field_trip
Lair:5:   hellmonk_lair_end_abyssal_woods, layout_cave_pods,
          lemuel_fruit_fields, grunt_megastairs_4, serial_bayou_shore_a,
          uniq_rupert
Shoals:1: layout_shoals, nicolae_shoals_land_atoll
Shoals:2: layout_shoals, uniq_kirke
Orc:1:    layout_diamond_mine, serial_shops, nicolae_square_shop, special_room
          [special_room_orc]
Orc:2:    st_orc_town, layout_caves, serial_shops, bzr_entry_road,
          minmay_orc_barracks

Skill      XL: |  1  2  3  4  5  6  7  8  9 10 11 12 13 14 15 16 |
---------------+-------------------------------------------------+-----
Armour         | 2 3 4 5 6 8 9 10 11 12 13 14 | 14.1
Dodging        | 2 3 4 5 6 8 9 10 11 12 13 14 | 14.1
Maces & Flails | 3 4 5 6 7 8 9 10 11 12 13 14 | 14.0
Fighting       | 4 5 6 7 9 10 11 12 13 15 | 15.5

Action                     |  1- 3 |  4- 6 |  7- 9 | 10-12 | 13-15 | 16-18 || total
---------------------------+-------+-------+-------+-------+-------+-------++-------
  Melee: Mace              |    98 |    82 |   170 |       |       |       ||   350
         Tailslap          |    17 |     9 |    67 |   141 |   372 |    26 ||   632
         Punch             |     1 |     1 |     5 |    17 |    16 |     1 ||    41
         Flail             |       |       |   255 |       |       |       ||   255
         Morningstar       |       |       |    11 |   764 |   515 |       ||  1290
         Headbutt          |       |       |       |       |   405 |    40 ||   445
         Dire flail        |       |       |       |       |   774 |       ||   774
         Demon whip        |       |       |       |       |   547 |   150 ||   697
         Great mace        |       |       |       |       |    15 |       ||    15
  Throw: Dart              |       |       |       |       |       |     1 ||     1
 Invoke: Berserk           |     3 |     4 |    10 |    13 |     7 |       ||    37
         Trog's Hand       |       |       |     2 |       |     2 |       ||     4
         Brothers in Arms  |       |       |       |     1 |       |       ||     1
  Evoke: Wand              |       |       |     1 |     1 |       |       ||     2
    Use: Potion            |       |       |     5 |     7 |     2 |     6 ||    20
         Scroll            |       |       |       |    13 |     8 |       ||    21
   Stab: Sleeping          |     1 |       |       |       |    12 |       ||    13
         Distracted        |       |       |       |       |     2 |       ||     2
 Armour: Animal skin       |    29 |       |       |       |       |       ||    29
         Chain mail        |       |    51 |   305 |       |       |       ||   356
         Scale mail        |       |       |     6 |   593 |   904 |   141 ||  1644
         Skin              |       |       |       |     2 |       |       ||     2
  Dodge: Dodged            |    87 |    36 |   313 |   808 |  1903 |   272 ||  3419
  Block: Other             |       |       |       |       |       |    42 ||    42

Table legend: (Time is in decaauts)
 A = Elapsed time spent in this place.
 B = Non-inter-level travel time spent in this place.
 C = Inter-level travel time spent in this place.
 D = Time resting spent in this place.
 E = Time spent auto-exploring this place.
 F = Levels seen in this place.
 G = Mean time per level.
                   A        B        C        D        E       F      G
               +--------+--------+--------+--------+--------+-----+--------+
         Total |  22293 |  20500 |   1793 |   1624 |  12648 |  26 |  857.4 |
       Dungeon |  13727 |  12806 |    921 |   1159 |   8250 |  15 |  915.1 |
          Lair |   5161 |   4829 |    332 |    247 |   3039 |   5 | 1032.2 |
        Shoals |    899 |    846 |     53 |     80 |    441 |   2 |  449.5 |
  Orcish Mines |   1868 |   1383 |    485 |      0 |    742 |   2 |  934.0 |
        Bazaar |     37 |     37 |      0 |      0 |     10 |   1 |   37.0 |
       Volcano |    598 |    598 |      0 |    137 |    165 |   1 |  598.0 |
               +--------+--------+--------+--------+--------+-----+--------+

Top non-repeatable levels by time:
    D:11: 1728 daAuts
  Lair:5: 1430 daAuts
     D:5: 1403 daAuts
   Orc:2: 1214 daAuts
     D:9: 1200 daAuts
    D:15: 1196 daAuts
  Lair:3: 1064 daAuts
    D:12: 988 daAuts
     D:3: 956 daAuts
  Lair:1: 945 daAuts
  Lair:2: 884 daAuts
     D:1: 859 daAuts
  Lair:4: 836 daAuts
Shoals:1: 817 daAuts
    D:13: 777 daAuts
